 Dungeon Crawl Stone Soup version 0.32-a0-314-g526f7d4993 (webtiles) character file.

Game seed: 15332730760660970696

802 Sobieck the Ruffian (level 7, -3/49 HPs)
             Began as an Octopode Fighter on Feb 15, 2024.
             Slain by a sleepcap (6 damage)
             ... on level 5 of the Dungeon.
             The game lasted 00:06:01 (3810 turns).

Sobieck the Ruffian (Octopode Fighter)              Turns: 3810, Time: 00:06:02

Health: -3/49      AC:  1    Str: 17    XL:     7   Next: 90%
Magic:  7/7        EV: 13    Int: 11    God:
Gold:   272        SH:  5    Dex: 11    Spells: 6/6 levels left

rFire   . .          .
                       - Unarmed
rCold   . . .        a - +1 buckler
rNeg    . . .        (helmet currently unavailable)
rPois   .            (no amulet)
rElec   .            m - ring of willpower
rCorr   .            (no ring)
SInv    .            (no ring)
Will    +....        (no ring)
Stlth   +++          (no ring)
HPRegen 0.28/turn    (no ring)
MPRegen 0.10/turn    (no ring)
                     (no ring)

%: no passive effects
@: mighty, beast-form
A: beast (slay +1), almost no armour, amphibious, 8 rings, camouflage 1,
gelatinous body 1, (nimble swimmer 1), tentacles
a: Begin Untransformation


You were on level 5 of the Dungeon.
You were a hulking beast.
You visited 1 branch of the dungeon, and saw 5 of its levels.

You collected 272 gold pieces.

Inventory:

Missiles
 k - 19 poisoned darts
Armour
 a - a +1 buckler (worn)
Jewellery
 m - a ring of willpower (left tentacle)
Talismans
 h - a flux talisman
 o - a beast talisman (active)
Scrolls
 c - a scroll of immolation {unknown}
 d - a scroll of noise
 f - a scroll of fear
 t - a scroll of amnesia
 T - 2 scrolls of teleportation
Potions
 b - a potion of brilliance {unknown}
 e - a potion of cancellation {unknown}
 i - a potion of degeneration {unknown}
 l - a potion of heal wounds {unknown}
 n - 2 potions of enlightenment {unknown}
 s - a potion of lignification {unknown}
 u - a potion of might
 H - 2 potions of haste
 Q - 3 potions of curing


   Skills:
 + Level 4.4 Fighting
 + Level 4.4 Dodging
 - Level 4.0 Stealth
 - Level 4.0 Shields
 * Level 5.0 Unarmed Combat
 - Level 3.0 Shapeshifting


You had 6 spell levels left.
You didn't know any spells.
Your spell library contained the following spells:

 Spells                   Type           Power      Damage    Failure   Level
 Sting                    Conj/Alch      0%         1d3       41%         1
 Mercury Vapours          Alch/Air       0%         N/A       56%         2
 Fugue of the Fallen      Necr           0%         N/A       80%         3
 Ozocubu's Armour         Ice            0%         N/A       80%         3
 Manifold Assault         Tloc           0%         N/A       99%         4
 Olgreb's Toxic Radiance  Alch           0%         N/A       99%         4


Dungeon Overview and Level Annotations

Branches:
Dungeon (5/15)
 Temple: D:4-7

Altars:
Nemelex Xobeh
Uskayaw

Shops:
D:3 =


Innate Abilities, Weirdness & Mutations

You are a hulking beast.
Your limbs bulge with bestial killing power. (Slay +1)
You cannot wear most types of armour.
You are amphibious.
You can wear up to eight rings at the same time.
Your skin changes colour to match your surroundings (Stealth+).
Your rubbery body absorbs attacks. (AC +1, EV +1)
((You are camouflaged when in or above water. (Stealth+)))
You have tentacles for arms and can constrict up to eight enemies at once.


Message History

The killer bee poisons you! The killer bee stings you.
* * * LOW HITPOINT WARNING * * *
You are too injured to fight recklessly!
You are too injured to fight recklessly!
Unknown command.
You tentacle-slap the killer bee. You grab the killer bee.
The killer bee is almost dead.
You constrict the killer bee.
* * * LOW HITPOINT WARNING * * *
You feel very sick. The killer bee completely misses you.
You block the killer bee's attack.
You tentacle-slap the killer bee but do no damage.
The killer bee is almost dead.
You constrict the killer bee.
You kill the killer bee!
* * * LOW HITPOINT WARNING * * *
You feel very sick.
Your Unarmed Combat skill increases to level 5!
You feel better. The sleepcap releases spores at you.
* * * LOW HITPOINT WARNING * * *
You tentacle-slap the sleepcap but do no damage.
You grab the sleepcap. You squeeze the sleepcap!
The sleepcap is heavily damaged.
You constrict the sleepcap. The sleepcap barely misses you.
You tentacle-slap the sleepcap but do no damage.
The sleepcap is severely damaged.
You constrict the sleepcap, but do no damage.
The sleepcap releases spores at you.
* * * LOW HITPOINT WARNING * * *
You are engulfed in a cloud of soporific spores!
You fall asleep.
You lose your grip on the sleepcap.
A killer bee comes into view.
The sleepcap releases spores at you!
You wake up.
* * * LOW HITPOINT WARNING * * *
You are engulfed in a cloud of soporific spores!
You are unaffected.
The killer bee buzzes angrily.
You tentacle-slap the sleepcap. You grab the sleepcap.
The sleepcap is severely damaged.
You constrict the sleepcap.
You hear an angry buzzing noise.
A killer bee comes into view.
You block the sleepcap's attack.
The killer bee moves out of view.
Unknown command.
You feel very mighty all of a sudden.
You constrict the sleepcap.
A killer bee comes into view.
The sleepcap releases spores at you.
You die...

#.#
#.........#
#.#
#........># ##
#.#
#.....y.).#
.#####.##
#.........#
.....#..#
##.......##
#..#....#
##.y...##
##...#..#
##.####
###)#### #f#
#)# #h# #.#
#.# #
#)#########
#.# #
#.#...)...#
#.# #
#.........#
#.# #
###.......#
#.# ####
#.......# #.#
...###.......#
#.#
##...........#
#.#


You could see a sleepcap and 2 killer bees.

Vanquished Creatures
  Edmund (D:4)
  A phantom (D:3)
  2 scorpions (D:4)
  A killer bee (D:5)
  2 bombardier beetles
  2 hounds (D:5)
  A jelly (D:5)
  An orc priest (D:3)
  A sleepcap (D:5)
  4 gnolls (D:5)
  6 adders
  4 ufetubi (D:5)
  4 dart slugs
  A ribbon worm (D:2)
  6 orcs
  5 ball pythons
  3 endoplasms
  10 goblins
  6 hobgoblins
  4 kobolds
  8 bats
  3 frilled lizards
  4 rats
80 creatures vanquished.

Notes
Turn   | Place    | Note
-------+----------+-------------------------------------------
     0 | D:1      | Sobieck the Octopode Fighter began the quest for the Orb.
     0 | D:1      | Reached XP level 1. HP: 16/16 MP: 1/1
   102 | D:1      | Reached XP level 2. HP: 16/21 MP: 2/2
   175 | D:1      | Reached skill level 1 in Stealth
   277 | D:1      | Reached XP level 3. HP: 26/26 MP: 3/3
   763 | D:2      | Reached XP level 4. HP: 31/31 MP: 4/4
  1185 | D:2      | Reached skill level 1 in Shapeshifting
  1640 | D:3      | Reached XP level 5. HP: 36/36 MP: 5/5
  1692 | D:3      | Found Awu Ysyj's Jewellery Shoppe.
  1742 | D:3      | Noticed a phantom
  1761 | D:3      | Killed a phantom
  1762 | D:3      | Reached skill level 3 in Shapeshifting
  1762 | D:3      | Reached skill level 3 in Unarmed Combat
  1762 | D:3      | Reached XP level 6. HP: 4/42 MP: 6/6
  1765 | D:3      | HP: 2/42 [goblin/+0 dagger (3)]
  2024 | D:4      | Noticed Edmund
  2030 | D:4      | Killed Edmund
  2287 | D:4      | Reached skill level 3 in Stealth
  2401 | D:4      | Reached skill level 4 in Unarmed Combat
  2401 | D:4      | Reached XP level 7. HP: 39/47 MP: 7/7
  2745 | D:4      | Found a sparkling altar of Nemelex Xobeh.
  2752 | D:4      | Found a hide-covered altar of Uskayaw.
  2886 | D:5      | Entered Level 5 of the Dungeon
  3805 | D:5      | Reached skill level 5 in Unarmed Combat
  3808 | D:5      | HP: 2/49 [sleepcap (9)]
  3810 | D:5      | Slain by a sleepcap

Illustrated notes

Levels and vault maps discovered:
D:1:      dpeg_arrival_rooms_b, layout_rooms, serial_aquarium,
          aquarium_bridge_long_separate [aquarium_subvault_window,
          aquarium_subvault_wall, aquarium_subvault_bridge,
          aquarium_subvault_bridge, aquarium_subvault_window,
          aquarium_subvault_bridge], aquarium_bridge_island_small
          [aquarium_subvault_small_water, aquarium_subvault_window,
          aquarium_subvault_bridge, aquarium_subvault_window,
          aquarium_subvault_window], aquarium_window_corridor_2,
          aquarium_window_double, aquarium_window_fake, aquarium_view_4
D:2:      layout_basic
D:3:      layout_basic, serial_shops, shop, minmay_misc_feat_x
D:4:      layout_basic, amethyst_overflow_temple_binary, uniq_edmund
D:5:      layout_rooms

Skill      XL: |  1  2  3  4  5  6  7 |
---------------+----------------------+-----
Stealth        | 1 2 3 4 |  4.0
Shapeshifting  | 2 3 |  3.0
Unarmed Combat | 3 4 5 |  5.0
Dodging        | 4 |  4.4
Fighting       | 4 |  4.4
Shields        | 4 |  4.0

Action                     |  1- 3 |  4- 6 |  7- 9 || total
---------------------------+-------+-------+-------++-------
  Melee: Unarmed           |    54 |    64 |    61 ||   179
         Tentacles         |     9 |    18 |    15 ||    42
         Constrict         |    16 |    15 |    19 ||    50
         Punch             |       |     6 |     1 ||     7
  Throw: Stone             |    17 |     4 |    16 ||    37
    Use: Potion            |       |     1 |     2 ||     3
         Scroll            |       |       |     7 ||     7
   Stab: Sleeping          |     8 |     5 |       ||    13
 Armour: Skin              |    28 |    27 |    40 ||    95
  Dodge: Dodged            |    35 |    25 |    39 ||    99
  Block: Buckler           |     7 |     6 |    14 ||    27
   Form: Beast             |       |     1 |       ||     1

Table legend: (Time is in decaauts)
 A = Elapsed time spent in this place.
 B = Non-inter-level travel time spent in this place.
 C = Inter-level travel time spent in this place.
 D = Time resting spent in this place.
 E = Time spent auto-exploring this place.
 F = Levels seen in this place.
 G = Mean time per level.
                   A        B        C        D        E       F      G
               +--------+--------+--------+--------+--------+-----+--------+
         Total |   3811 |   3630 |    181 |    302 |   2706 |   5 |  762.2 |
       Dungeon |   3811 |   3630 |    181 |    302 |   2706 |   5 |  762.2 |
               +--------+--------+--------+--------+--------+-----+--------+

Top non-repeatable levels by time:
     D:5: 908 daAuts
     D:4: 904 daAuts
     D:3: 688 daAuts
     D:1: 667 daAuts
     D:2: 642 daAuts
